 Dungeon Crawl Stone Soup version 0.26.1-11-gd32895ea62 (webtiles) character file.

Game seed: 8107655054686148423

450 nothank2 the Digger (level 7, -3/36 HPs)
             Began as a Gargoyle Earth Elementalist on July 10, 2021.
             Slain by a phantom (5 damage)
             ... on level 4 of the Dungeon.
             The game lasted 00:08:34 (2240 turns).

nothank2 the Digger (Gargoyle Earth Elementalist)   Turns: 2240, Time: 00:08:35

Health: -3/36      AC:  7    Str: 11    XL:     7   Next: 4%
Magic:  1/14       EV: 12    Int: 18    God:
Gold:   158        SH:  0    Dex: 12    Spells: 11/15 levels left

rFire    + . .     SeeInvis +   a - +0 dagger
rCold    . . .     Faith    .   (no shield)
rNeg     + . .     Spirit   .   c - +0 robe
rPois    ∞         Reflect  .   (no helmet)
rElec    +         Harm     .   (no cloak)
rCorr    .         Rampage  .   j - +0 pair of gloves
Will     .....                  (no boots)
Stlth    ++........             (no amulet)
HPRegen  0.12/turn              e - ring of protection from fire
MPRegen  0.14/turn              (no ring)

@: mighty
A: see invisible, agile 1, blink, negative energy resistance 1, electricity
resistance, unbreathing, petrification resistance, miasma immunity, AC +4
a: Blink


You were on level 4 of the Dungeon.
You visited 1 branch of the dungeon, and saw 4 of its levels.

You collected 158 gold pieces.

Inventory:

Hand Weapons
 a - a +0 dagger (weapon)
Armour
 c - a +0 robe (worn)
 j - a +0 pair of gloves (worn)
Jewellery
 e - a ring of protection from fire (left hand)
 k - a +6 ring of dexterity {unknown}
Scrolls
 f - 3 scrolls of identify {unknown}
 g - a scroll of teleportation {unknown}
 h - a scroll of enchant armour {unknown}
 i - a scroll of remove curse {unknown}
 n - a scroll of noise {unknown}
 p - 2 scrolls of immolation {unknown}
Potions
 d - a potion of mutation
 l - a potion of might
 m - a potion of degeneration {unknown}
 o - a potion of invisibility {unknown}


   Skills:
 - Level 1.5 Dodging
 - Level 2.1 Stealth
 + Level 4.8 Spellcasting
 - Level 1.2 Transmutations
 + Level 6.9 Earth Magic


You had 11 spell levels left.
You knew the following spells:

 Your Spells              Type           Power        Failure   Level
a - Sandblast             Erth           58%          1%          1
b - Stone Arrow           Conj/Erth      32%          10%         3

Your spell library contained the following spells:

 Spells                   Type           Power        Failure   Level
 Passwall                 Tmut/Erth      15%          3%          2
 Lee's Rapid Deconstruct  Erth           14%          22%         5
 Petrify                  Tmut/Erth      19%          26%         4


Dungeon Overview and Level Annotations

Branches:
Dungeon (5/15)
 Temple: D:4-7

Altars:


Innate Abilities, Weirdness & Mutations

You are resistant to torment.
Your stone body is resilient. (AC +4)
You are immune to poison.
You resist negative energy. (rN+)
You are resistant to electric shocks. (rElec)
You can survive without breathing.
You are immune to petrification.
You are immune to miasma.
You have supernaturally acute eyesight. (SInv)
You are agile. (Dex +2)
You can translocate small distances at will.


Message History

Aim: an ogre, wielding a +0 giant spiked club (almost dead, 15% to evade)
The stone arrow hits the ogre!
You kill the ogre!
The orc closely misses you.
You have reached level 7!
It was a potion of mutation.
You feel extremely strange.
You feel jittery.
Your vision sharpens.
You feel agile. The orc barely misses you.
It was a potion of might.
You feel very mighty all of a sudden. The orc hits you but does no damage.
You hit the orc.
The orc is severely wounded.
The orc hits you with a +0 club.
* * * LOW HITPOINT WARNING * * *
The phantom hits you but does no damage.
You closely miss the orc.
The orc is severely wounded.
The orc hits you but does no damage. The phantom hits you.
You die...

....... ##...........#
...#.## #.....#...#.#
..#. ##....#.....
######....#.#.#
..............#
..............# .#
..............# .#
..........o...+ .#
........W@)...###.#
..........>)......######
.........†))............
.............)..........
.......................
...######.............
... #(............ ..
.......!.......
................


You could see a phantom and an orc.

Vanquished Creatures
  2 ogres (D:4)
  An orc wizard (D:4)
  An orc priest (D:4)
  Natasha (thrice) (D:2)
  Terence (D:2)
  2 worker ants (D:4)
  2 adders
  An adder skeleton (D:4)
  2 worms
  3 dart slugs
  A leopard gecko (D:2)
  2 orcs (D:4)
  A ball python (D:2)
  3 giant cockroaches (D:1)
  5 goblins
  4 hobgoblins
  3 jackals (D:1)
  2 kobolds
  2 bats (D:1)
  3 frilled lizards (D:1)
  3 rats
47 creatures vanquished.

Notes
Turn   | Place    | Note
-------+----------+-------------------------------------------
     0 | D:1      | nothank2 the Gargoyle Earth Elementalist began the quest
                  | for the Orb.
     0 | D:1      | Reached XP level 1. HP: 10/10 MP: 3/3
   127 | D:1      | Reached skill level 1 in Transmutations
   161 | D:1      | Reached XP level 2. HP: 8/15 MP: 1/5
   371 | D:1      | Reached skill level 4 in Earth Magic
   495 | D:1      | Reached XP level 3. HP: 16/19 MP: 1/6
   695 | D:1      | Learned a level 3 spell: Stone Arrow
   755 | D:2      | Noticed Natasha
   765 | D:2      | Killed Natasha
   947 | D:2      | Reached XP level 4. HP: 15/24 MP: 8/8
  1124 | D:2      | Noticed Natasha
  1128 | D:2      | Killed Natasha
  1147 | D:2      | Reached skill level 5 in Earth Magic
  1280 | D:2      | Noticed Terence
  1318 | D:2      | Killed Terence
  1319 | D:2      | Reached XP level 5. HP: 21/28 MP: 0/10
  1479 | D:2      | Noticed Natasha
  1483 | D:2      | Killed Natasha
  1935 | D:2      | You fall into a shaft and drop 2 floors!
  2097 | D:4      | Noticed an ogre
  2100 | D:4      | Killed an ogre
  2101 | D:4      | Reached skill level 6 in Earth Magic
  2101 | D:4      | Reached XP level 6. HP: 32/32 MP: 9/12
  2102 | D:4      | Noticed a phantom
  2111 | D:5      | Entered Level 5 of the Dungeon
  2237 | D:4      | Reached XP level 7. HP: 3/36 MP: 1/14
  2237 | D:4      | Gained mutation: You can translocate small distances at
                  | will. [potion of mutation]
  2237 | D:4      | Gained mutation: You have supernaturally acute eyesight.
                  | (SInv) [potion of mutation]
  2237 | D:4      | Gained mutation: You are agile. (Dex +2) [potion of
                  | mutation]
  2240 | D:4      | Slain by a phantom

Illustrated notes

Levels and vault maps discovered:
D:1:      saegor_arrival_under_anarchy, layout_rooms, minmay_small_reverse_x
D:2:      layout_basic, uniq_terence, uniq_natasha
D:4:      layout_basic, minmay_temple_entry_mini_moons
D:5:      layout_gridville, enter_ossuary_5

Skill      XL: |  1  2  3  4  5 |
---------------+----------------+-----
Transmutations | 1 |  1.2
Earth Magic    | 4 5 6 |  6.9
Spellcasting   | 3 4 |  4.8
Dodging        | |  1.5
Stealth        | |  2.1

Action                   |  1- 3 |  4- 6 |  7- 9 || total
-------------------------+-------+-------+-------++-------
Melee: Dagger            |   110 |    31 |     2 ||   143
 Cast: Sandblast         |    16 |    36 |       ||    52
       Stone Arrow       |       |     4 |       ||     4
Evoke: Wand              |       |     6 |       ||     6
  Use: Potion            |       |       |     2 ||     2
 Stab: Sleeping          |       |     2 |       ||     2
Armor: Robe              |    33 |    31 |     3 ||    67
Dodge: Dodged            |    70 |    52 |     1 ||   123
